 Dungeon Crawl Stone Soup version 0.28.0-53-g5a82cb258f (webtiles) character file.

Game seed: 12904213812253323475

145 safid the Chopper (level 5, -8/36 HPs)
             Began as a Hill Orc Fighter on July 18, 2022.
             Was an Initiate of Beogh.
             Mangled by Blork the orc
             ... wielding a +2 war axe of electrocution
              (11 damage)
             ... on level 4 of the Dungeon.
             The game lasted 00:03:54 (3431 turns).

safid the Chopper (Hill Orc Fighter)                Turns: 3431, Time: 00:03:55

Health: -8/36      AC:  4    Str: 19 (21) XL:     5   Next: 27%
Magic:  5/5        EV:  9    Int:  8      God:    Beogh [......]
Gold:   98         SH:  4    Dex: 10      Spells: 4/4 levels left

rFire   . . .      SeeInvis .   a - +0 war axe
rCold   . . .      Faith    .   c - +0 buckler
rNeg    . . .      Spirit   .   b - +0 scale mail
rPois   .          Reflect  .   (no helmet)
rElec   .          Harm     .   (no cloak)
rCorr   .          Rampage  .   (no gloves)
Will    .....                   (no boots)
Stlth   ..........              (no amulet)
HPRegen 0.12/turn               (no ring)
MPRegen 0.09/turn               (no ring)

@: no status effects
A: deformed body, frail 2
a: Renounce Religion


You were on level 4 of the Dungeon.
You worshipped Beogh.
Beogh was noncommittal.
You visited 1 branch of the dungeon, and saw 4 of its levels.

You collected 98 gold pieces.

Inventory:

Hand Weapons
 a - a +0 war axe (weapon)
 h - the +9 hunting sling of the Hall of Blades {speed, rF++ rN+ Dex+6}
   (You took it off a goblin on level 2 of the Dungeon)

   Attacks with this weapon are significantly faster.
   Dex:       It affects your dexterity (+6).
   rF:        It greatly protects you from fire.
   rN:        It protects you from negative energy.
Armour
 b - a +0 scale mail (worn)
 c - a +0 buckler (worn)
Scrolls
 e - a scroll of vulnerability {unknown}
 f - 5 scrolls of identify {unknown}
 g - a scroll of noise {unknown}
 i - a scroll of holy word {unknown}
 j - a scroll of immolation {unknown}
 l - a scroll of brand weapon {unknown}
Potions
 d - a potion of might
 k - a potion of mutation {unknown}


   Skills:
 - Level 4.0 Fighting
 + Level 5.6 Axes
 - Level 4.0 Armour
 - Level 4.0 Shields


You had 4 spell levels left.
You didn't know any spells.
Your spell library contained the following spells:

 Spells                   Type           Power      Damage    Failure   Level
 Stone Arrow              Conj/Erth      0%         3d7       99%         3
 Animate Armour           Summ/Erth      0%         N/A       100%        4
 Lehudib's Crystal Spear  Conj/Erth      0%         10d2      100%        8


Dungeon Overview and Level Annotations

Branches:
Dungeon (4/15)
 Temple: D:4-7

Altars:
Xom

Annotations:
D:3 3 runed translucent doors, MiltankisOP's ghost, weakling OgGl
D:4 Blork the orc


Innate Abilities, Weirdness & Mutations

Armour fits poorly on your strangely shaped body.
You are very frail. (-20% HP)


Message History

There is a large open door here.
There is a large open door here.
There is a large open door here.
There is a stone staircase leading down here.
MiltankisOP's ghost turns its malevolent gaze towards you.
The hobgoblin shouts!
No reachable target in view!
Could not explore, unopened runed door.
Could not explore, unopened runed door.
Could not explore, unopened runed door.
Could not explore, unopened runed door.
(D) Dungeon
Where to? (Enter - D:3, ? - help) MiltankisOP's ghost whispers, "Soon you will have time, lots of time..."
There is a stone staircase leading down here.
You climb downwards.
There is a stone staircase leading up here.
Found a stone staircase leading up.
You now have 98 gold pieces (gained 3).
Blork the orc comes into view.
He is wielding a +2 war axe of electrocution.
Blork the orc shouts!
Blork the orc is nearby!
Blork the orc looks encouraged for a moment.
You hit Blork the orc.
Blork the orc is lightly wounded.
You block Blork the orc's attack.
Blork the orc hits you with a +2 war axe of electrocution!
You are electrocuted!!
Ouch! That really hurt!
* * * LOW HITPOINT WARNING * * *
You hit Blork the orc.
Blork the orc is moderately wounded.
Blork the orc gestures at you while chanting.
The magic dart hits you.
* * * LOW HITPOINT WARNING * * *
You hit Blork the orc.
Blork the orc is moderately wounded.
Blork the orc hits you with a +2 war axe of electrocution!
You die...
Xom chortles!

##.## #.# #.#
#.# #.# ### #.#
#.# #.# #.# #.#
#o# #.# #@# ##
#.# ######.#...#
#.# #.......#
#.######.####.##
#........# #.#
########## #.#
##. #


You could see Blork the orc.

Vanquished Creatures
  2 orc priests (D:3)
  2 adders
  2 dart slugs
  5 orcs (D:3)
  4 endoplasms
  3 giant cockroaches
  10 goblins
  3 hobgoblins
  4 quokkas
  7 ball pythons
  6 bats
  3 frilled lizards
  3 kobolds
  4 rats
58 creatures vanquished.

Vanquished Creatures (others)
  An orc (D:3)
1 creature vanquished.

Grand Total: 59 creatures vanquished

Notes
Turn   | Place    | Note
-------+----------+-------------------------------------------
     0 | D:1      | safid the Hill Orc Fighter began the quest for the Orb.
     0 | D:1      | Reached XP level 1. HP: 19/19 MP: 1/1
   382 | D:1      | Found a faded altar of an unknown god.
   396 | D:1      | Reached skill level 3 in Axes
   396 | D:1      | Reached XP level 2. HP: 27/27 MP: 2/2
   399 | D:1      | Prayed at the altar of an unknown god.
   399 | D:1      | Became a worshipper of Xom of Chaos
   567 | D:1      | XOM: smoke on damage
   916 | D:1      | Fell from the grace of Xom
  1036 | D:2      | Reached XP level 3. HP: 33/33 MP: 3/3
  1041 | D:2      | Identified the +9 hunting sling of the Hall of Blades
                  | {speed, rF++ rN+ Dex+6}
  1223 | D:2      | XOM: 4-stop teleportation journey
  1728 | D:2      | XOM: give mutations
  1728 | D:2      | Gained mutation: You occasionally shout uncontrollably at
                  | your foes. [Xom's mischief]
  1728 | D:2      | Gained mutation: You are frail. (-10% HP) [Xom's mischief]
  1728 | D:2      | Gained mutation: You are very frail. (-20% HP) [Xom's
                  | mischief]
  2182 | D:3      | Became a worshipper of Beogh the Brigand
  2271 | D:3      | Reached XP level 4. HP: 32/32 MP: 4/4
  2319 | D:3      | Reached skill level 4 in Axes
  2409 | D:3      | XOM: 2-stop teleportation journey
  2420 | D:3      | Found a runed translucent gate.
  2420 | D:3      | Found a runed translucent gate.
  2420 | D:3      | Found a runed translucent gate.
  2424 | D:3      | Noticed MiltankisOP's ghost (weakling OgGl)
  2489 | D:3      | Reached skill level 5 in Axes
  2489 | D:3      | Reached XP level 5. HP: 2/36 MP: 5/5
  2489 | D:3      | HP: 1/36 [frilled lizard (1)]
  2522 | D:2      | XOM: noise
  2583 | D:2      | XOM: stat loss: -2 Str (19/21)
  2704 | D:2      | XOM: give mutations
  2704 | D:2      | Gained mutation: Armour fits poorly on your strangely
                  | shaped body. [Xom's mischief]
  2704 | D:2      | Lost mutation: You occasionally shout uncontrollably at
                  | your foes. [Xom's mischief]
  3426 | D:4      | Noticed Blork the orc
  3431 | D:4      | Mangled by Blork the orc

Illustrated notes

Levels and vault maps discovered:
D:1:      eino_arrival_druids_welcome, layout_basic, basic_ecumenical_altar,
          serial_curves, eino_curves_02, eino_curves_01
D:2:      layout_basic
D:3:      layout_basic, gammafunk_ghost_split
D:4:      minmay_opposing_rooms, layout_loops_ring, uniq_menkaure,
          uniq_blork_the_orc, uniq_pikel

Skill      XL: |  1  2  3  4 |
---------------+-------------+-----
Axes           | 3 5 |  5.6
Fighting       | 4 |  4.0
Shields        | 4 |  4.0
Armour         | 4 |  4.0

Action                   |  1- 3 |  4- 6 || total
-------------------------+-------+-------++-------
Melee: War axe           |   125 |    53 ||   178
Invok: Renounce Religion |     1 |       ||     1
       Convert to Beogh  |     1 |       ||     1
Armor: Scale mail        |    62 |    29 ||    91
Dodge: Dodged            |    60 |    24 ||    84
Block: Buckler           |    25 |     5 ||    30
